AoeStats
← Safe

Arabian Desert

509482004Analyzed
1v1 RM · 5d ago on Sep 26, 2026· 21m 24s· 2 players
Game mode
Random Map
Map size
Tiny (2 player)
Population
200
Speed
Normal
Resources
Standard
Victory
Conquest
Starting age
Dark Age
Ending age
Imperial Age
RankedLock teamsTeams togetherTeam positionsShared explorationLock speedFull tech treeHidden civsTurbo modeCheats
Victory
Defeat
🇩🇪 Burgundians · Germany
888
+14
🇸🇬 Vietnamese · Singapore
839
-14
SmaKuL3663
4:37 Loom
10:45 Feudal Age
11:21 Double-Bit Axe
14:45 Horse Collar
23:50 Castle Age
Safe
3:34 Double-Bit Axe
7:19 Loom
10:15 Feudal Age
18:59 Castle Age
17:52 Gold Mining
18:40 Forging
18:38 Scale Barding Armor
21:26 Husbandry
21:46 Forging
Connection lost

Rejoining the realm…

Still unreachable

The connection could not be restored.

Session expired

The server has moved on; the page needs a fresh start.